AoeStats
← Tomato

Black Forest

510589043Analyzed
4v4 RM · 24h ago on Oct 1, 2026· 18m 1s· 8 players
Game mode
Random Map
Map size
Large (8 player)
Population
200
Speed
Normal
Resources
Standard
Victory
Conquest
Starting age
Dark Age
Ending age
Imperial Age
RankedLock teamsTeams togetherTeam positionsShared explorationLock speedFull tech treeHidden civsTurbo modeCheats
Victory
Defeat
🇩🇪 Wu · Germany
1444
+12
🇩🇪 Burgundians · Germany
1398
+14
🇳🇱 Saxons · Netherlands
1392
+14
🇲🇽 Inca · Mexico
1337
+15
🇨🇳 Hindustanis · China
1408
-16
🇨🇳 Turks · China
1332
-13
🇦🇷 Koreans · Argentina
1321
-13
🇺🇸 Slavs · United States
1315
-13
Cronik
4:09 Double-Bit Axe
11:36 Feudal Age
15:29 Castle Age
14:03 Bow Saw
14:36 Fishing Lines
16:42 Gillnets
16:42 Loom
Niccals_
0:48 Loom
11:41 Feudal Age
12:29 Double-Bit Axe
12:38 Stone Mining
JuraRox
0:47 Loom
12:45 Feudal Age
16:40 Castle Age
14:29 Double-Bit Axe
14:44 Stone Mining
17:56 Bow Saw
Tomato
11:45 Feudal Age
13:03 Horse Collar
13:09 Double-Bit Axe
16:53 Castle Age
15:04 Stone Mining
15:29 Fishing Lines
MineirodeOuro
0:26 Loom
14:21 Feudal Age
18:07 Castle Age
17:05 Double-Bit Axe
NocturnalPharmakon
1:48 Loom
5:09 Loom
10:21 Feudal Age
11:09 Double-Bit Axe
bigapple334
0:38 Loom
11:52 Feudal Age
12:03 Man-at-Arms
12:40 Arson
15:50 Double-Bit Axe
只会种田
7:35 Loom
12:02 Feudal Age
14:43 Double-Bit Axe
15:29 Fishing Lines
17:56 Castle Age
16:24 Fishing Lines
Connection lost

Rejoining the realm…

Still unreachable

The connection could not be restored.

Session expired

The server has moved on; the page needs a fresh start.